TOP OF THE 1ST |
Las Vegas Stars batting - Pitching for San Jose Missions : RHP Al Bernhardt
|
Pitching: RHP Al Bernhardt
|
|
Batting: RHB José Pinto
|
0-0: Ball 1-0: Ground out 6-3 (Groundball, 56)
|
Batting: RHB Pedro Mata
|
0-0: Swinging Strike 0-1: DOUBLE (Line Drive, 78M)
|
Batting: SHB Chris Bennis
|
0-0: Ball 1-0: Fly out, F8 (Flyball, 8LS)
|
Batting: LHB Bryan Foster
|
0-0: Ball 1-0: Ball 2-0: Swinging Strike 2-1: Ball 3-1: Swinging Strike 3-2: SINGLE (Line Drive, 78S) Pedro Mata to third Pedro Mata scores
|
Batting: RHB Bobby Miller
|
0-0: Ball 1-0: Ball 2-0: Ball 3-0: Called Strike 3-1: Called Strike 3-2: SINGLE (Line Drive, 34D) Bryan Foster to second Bryan Foster to third
|
Batting: SHB Héctor Barajas
|
0-0: Ball 1-0: SINGLE (Groundball, 56D) Bryan Foster scores Bobby Miller to second
|
Batting: LHB Ethan Marshall
|
0-0: Ball 1-0: Swinging Strike 1-1: Ball 2-1: Foul Ball, location: 2F 2-2: Strikes out swinging
|
Top of the 1st over - 2 run(s), 4 hit(s), 0 error(s), 2 left on base; Las Vegas 2 - San Jose 0 |
BOTTOM OF THE 1ST |
San Jose Missions batting - Pitching for Las Vegas Stars : RHP Carlos Morán
|
Pitching: RHP Carlos Morán
|
|
Batting: LHB Miguel Montés
|
0-0: Swinging Strike 0-1: Swinging Strike 0-2: Ball 1-2: Strikes out looking
|
Batting: RHB Jorge Díaz
|
0-0: Called Strike 0-1: Called Strike 0-2: SINGLE (Groundball, 6MD)
|
Batting: RHB Dale Taylor
|
0-0: Fly out, F8 (Flyball, 8LD)
|
Batting: RHB José Martínez
|
0-0: Foul Ball, location: 2F 0-1: Foul Ball, location: 2F 0-2: Foul Ball, location: 2F 0-2: Ball 1-2: Ball 2-2: Fielders Choice at 2nd, 6-4 (Groundball, 6)
|
Bottom of the 1st over - 0 run(s), 1 hit(s), 0 error(s), 0 left on base; Las Vegas 2 - San Jose 0 |
TOP OF THE 2ND |
Las Vegas Stars batting - Pitching for San Jose Missions : RHP Al Bernhardt
|
Batting: RHB Luis Bustamante
|
0-0: Foul Ball, location: 2F 0-1: Ball 1-1: Ball 2-1: Foul Ball, location: 2F 2-2: Ball 3-2: Base on Balls
|
Batting: LHB Terry White
|
0-0: Ball 1-0: Ball 2-0: Ball 3-0: Base on Balls Luis Bustamante to second
|
Batting: RHB José Pinto
|
0-0: Swinging Strike 0-1: Ball 1-1: Foul Ball, location: 2F 1-2: Strikes out swinging
|
Batting: RHB Pedro Mata
|
0-0: Ball 1-0: Ball Wild Pitch! Luis Bustamante to third Terry White to second 2-0: Ground out 5-3 (Groundball, 56) Luis Bustamante scores
|
Batting: SHB Chris Bennis
|
0-0: Called Strike 0-1: Ball 1-1: Ball 2-1: Ball 3-1: Base on Balls
|
Batting: LHB Bryan Foster
|
0-0: Called Strike 0-1: Ball 1-1: Ball 2-1: Ball 3-1: Called Strike 3-2: Strikes out swinging
|
Top of the 2nd over - 1 run(s), 0 hit(s), 0 error(s), 2 left on base; Las Vegas 3 - San Jose 0 |
BOTTOM OF THE 2ND |
San Jose Missions batting - Pitching for Las Vegas Stars : RHP Carlos Morán
|
Batting: RHB Naomichi Aoki
|
0-0: Ball 1-0: Ball 2-0: Ball 3-0: Base on Balls
|
Batting: RHB Ed Starr
|
0-0: Called Strike 0-1: Ball 1-1: Called Strike 1-2: Strikes out swinging
|
Batting: RHB Irwin Duncan
|
0-0: Foul Ball, location: 2F 0-1: Called Strike 0-2: Strikes out swinging
|
Batting: RHB José Sánchez
|
0-0: Called Strike 0-1: Swinging Strike 0-2: Ball 1-2: Strikes out swinging
|
Bottom of the 2nd over - 0 run(s), 0 hit(s), 0 error(s), 1 left on base; Las Vegas 3 - San Jose 0 |
TOP OF THE 3RD |
Las Vegas Stars batting - Pitching for San Jose Missions : RHP Al Bernhardt
|
Batting: RHB Bobby Miller
|
0-0: Foul Ball, location: 2F 0-1: Foul Ball, location: 2F 0-2: Strikes out swinging
|
Batting: SHB Héctor Barajas
|
0-0: Called Strike 0-1: Ball 1-1: Foul Ball, location: 2F 1-2: Strikes out swinging
|
Batting: LHB Ethan Marshall
|
0-0: Foul Ball, location: 2F 0-1: Ball 1-1: Ball 2-1: Foul Ball, location: 2F 2-2: Ball 3-2: Fly out, F6 (Popup, 6MD)
|
Top of the 3rd over - 0 run(s), 0 hit(s), 0 error(s), 0 left on base; Las Vegas 3 - San Jose 0 |
BOTTOM OF THE 3RD |
San Jose Missions batting - Pitching for Las Vegas Stars : RHP Carlos Morán
|
Batting: RHB Miguel Mendoza
|
0-0: Foul Ball, location: 2F 0-1: Called Strike 0-2: Strikes out swinging
|
Batting: LHB Miguel Montés
|
0-0: SINGLE (Line Drive, 89S)
|
Batting: RHB Jorge Díaz
|
0-0: Ball 1-0: Ball 2-0: Ball 3-0: Called Strike 3-1: Fly out, F9 (Flyball, 9LM)
|
Batting: RHB Dale Taylor
|
0-0: Called Strike 0-1: Ball 1-1: Called Strike 1-2: Strikes out looking
|
Bottom of the 3rd over - 0 run(s), 1 hit(s), 0 error(s), 1 left on base; Las Vegas 3 - San Jose 0 |
TOP OF THE 4TH |
Las Vegas Stars batting - Pitching for San Jose Missions : RHP Al Bernhardt
|
Batting: RHB Luis Bustamante
|
0-0: Ground out 5-3 (Groundball, 56S)
|
Batting: LHB Terry White
|
0-0: Called Strike 0-1: Ball 1-1: Foul Ball, location: 2F 1-2: Ball 2-2: Ball 3-2: Strikes out looking
|
Batting: RHB José Pinto
|
0-0: Called Strike 0-1: Called Strike 0-2: Ball 1-2: Ball 2-2: Ball 3-2: Fly out, F8 (Flyball, 8RM)
|
Top of the 4th over - 0 run(s), 0 hit(s), 0 error(s), 0 left on base; Las Vegas 3 - San Jose 0 |
BOTTOM OF THE 4TH |
San Jose Missions batting - Pitching for Las Vegas Stars : RHP Carlos Morán
|
Batting: RHB José Martínez
|
0-0: Ball 1-0: SINGLE (Groundball, 56D)
|
Batting: RHB Naomichi Aoki
|
0-0: Ball 1-0: Fielders Choice at 2nd, 4-6 (Groundball, 4)
|
Now at SS: Paco Rivera
|
|
Batting: RHB Ed Starr
|
0-0: Fly out, F7 (Flyball, 78D)
|
Batting: RHB Irwin Duncan
|
0-0: Fly out, F8 (Flyball, 8LM)
|
Bottom of the 4th over - 0 run(s), 1 hit(s), 0 error(s), 1 left on base; Las Vegas 3 - San Jose 0 |
TOP OF THE 5TH |
Las Vegas Stars batting - Pitching for San Jose Missions : RHP Al Bernhardt
|
Batting: RHB Pedro Mata
|
0-0: SINGLE (Groundball, 6D)
|
Batting: SHB Chris Bennis
|
0-0: Ball 1-0: Called Strike 1-1: Ball 2-1: Called Strike 2-2: Foul Ball, location: 2F 2-2: Foul Ball, location: 2F 2-2: Fielders Choice at 2nd, 6-4 (Groundball, 56)
|
Batting: LHB Bryan Foster
|
0-0: Fielders Choice at 2nd, 4-6 (Groundball, 34)
|
Batting: LHB Paco Rivera
|
0-0: Foul Ball, location: 2F 0-1: Foul Ball, location: 2F 0-2: SINGLE (Line Drive, 8LS) Bryan Foster to second
|
Batting: SHB Héctor Barajas
|
0-0: Ball 1-0: Called Strike 1-1: Ball 2-1: Fly out, F8 (Flyball, 8LS)
|
Top of the 5th over - 0 run(s), 2 hit(s), 0 error(s), 2 left on base; Las Vegas 3 - San Jose 0 |
BOTTOM OF THE 5TH |
San Jose Missions batting - Pitching for Las Vegas Stars : RHP Carlos Morán
|
Batting: RHB José Sánchez
|
0-0: Called Strike 0-1: Swinging Strike 0-2: Ball 1-2: Strikes out swinging
|
Batting: RHB Miguel Mendoza
|
0-0: Called Strike 0-1: Foul Ball, location: 2F 0-2: Ball 1-2: Strikes out swinging
|
Batting: LHB Miguel Montés
|
0-0: SOLO HOME RUN (Flyball, 89XD), Distance : 419 ft
|
Batting: RHB Jorge Díaz
|
0-0: Ball 1-0: Called Strike 1-1: Ball 2-1: Swinging Strike 2-2: Ball 3-2: Base on Balls
|
Batting: RHB Dale Taylor
|
0-0: 2-RUN HOME RUN (Flyball, 78XD), Distance : 427 ft
|
Batting: RHB José Martínez
|
0-0: Called Strike 0-1: Ball 1-1: Ball 2-1: Foul Ball, location: 2F 2-2: Ball 3-2: Strikes out swinging
|
Bottom of the 5th over - 3 run(s), 2 hit(s), 0 error(s), 0 left on base; Las Vegas 3 - San Jose 3 |
TOP OF THE 6TH |
Las Vegas Stars batting - Pitching for San Jose Missions : RHP Al Bernhardt
|
Pitching: RHP José Reyes
|
|
Batting: LHB Ethan Marshall
|
0-0: Ground out U3 (Groundball, 34)
|
Batting: RHB Luis Bustamante
|
0-0: Ball 1-0: Foul Ball, location: 2F 1-1: Foul Ball, location: 2F 1-2: Foul Ball, location: 2F 1-2: Foul Ball, location: 2F 1-2: Fly out, F7 (Line Drive, 7S)
|
Batting: LHB Terry White
|
0-0: Ball 1-0: Swinging Strike 1-1: Fly out, F8 (Flyball, 8LM)
|
Top of the 6th over - 0 run(s), 0 hit(s), 0 error(s), 0 left on base; Las Vegas 3 - San Jose 3 |
BOTTOM OF THE 6TH |
San Jose Missions batting - Pitching for Las Vegas Stars : RHP Carlos Morán
|
Batting: RHB Naomichi Aoki
|
0-0: Called Strike 0-1: Ball 1-1: Swinging Strike 1-2: Ball 2-2: Foul Ball, location: 2F 2-2: Fly out, F4 (Line Drive, 4)
|
Batting: RHB Ed Starr
|
0-0: Ball 1-0: Foul Ball, location: 2F 1-1: Foul Ball, location: 2F 1-2: Ball 2-2: Fly out, F8 (Flyball, 8LM)
|
Batting: RHB Irwin Duncan
|
0-0: DOUBLE (Flyball, 89M)
|
Pitching: RHP Roberto Moreno
|
|
Batting: RHB José Sánchez
|
0-0: Ball 1-0: Called Strike 1-1: Ball 2-1: Foul Ball, location: 2F 2-2: Ball 3-2: Strikes out swinging
|
Bottom of the 6th over - 0 run(s), 1 hit(s), 0 error(s), 1 left on base; Las Vegas 3 - San Jose 3 |
TOP OF THE 7TH |
Las Vegas Stars batting - Pitching for San Jose Missions : RHP José Reyes
|
Batting: RHB José Pinto
|
0-0: Swinging Strike 0-1: Foul Ball, location: 2F 0-2: Foul Ball, location: 2F 0-2: Strikes out swinging
|
Batting: RHB Pedro Mata
|
0-0: Called Strike 0-1: Ball 1-1: Ball 2-1: Ball 3-1: Base on Balls
|
Batting: SHB Chris Bennis
|
0-0: Swinging Strike 0-1: Foul Ball, location: 2F 0-2: Strikes out swinging
|
Batting: LHB Bryan Foster
|
0-0: Foul Ball, location: 2F 0-1: Ball 1-1: DOUBLE (Line Drive, 9LD) Pedro Mata to third Runner from 3rd tries for Home, SAFE, no throw
|
Batting: LHB Paco Rivera
|
0-0: Foul Ball, location: 2F 0-1: Foul Ball, location: 2F 0-2: SINGLE (Line Drive, 6D) Bryan Foster to third
|
Batting: SHB Héctor Barajas
|
0-0: Called Strike 0-1: Swinging Strike 0-2: Strikes out swinging
|
Top of the 7th over - 1 run(s), 2 hit(s), 0 error(s), 2 left on base; Las Vegas 4 - San Jose 3 |
BOTTOM OF THE 7TH |
San Jose Missions batting - Pitching for Las Vegas Stars : RHP Roberto Moreno
|
Batting: RHB Miguel Mendoza
|
0-0: Foul Ball, location: 2F 0-1: Ball 1-1: Foul Ball, location: 2F 1-2: Ball 2-2: Strikes out swinging
|
Batting: LHB Miguel Montés
|
0-0: Fly out, F7 (Flyball, 7S)
|
Batting: RHB Jorge Díaz
|
0-0: Called Strike 0-1: Ball 1-1: Ball 2-1: Swinging Strike 2-2: Foul Ball, location: 2F 2-2: Ground out 4-3 (Groundball, 4MS)
|
Bottom of the 7th over - 0 run(s), 0 hit(s), 0 error(s), 0 left on base; Las Vegas 4 - San Jose 3 |
TOP OF THE 8TH |
Las Vegas Stars batting - Pitching for San Jose Missions : RHP José Reyes
|
Batting: LHB Ethan Marshall
|
0-0: Ground out 6-3 (Groundball, 6)
|
Batting: RHB Luis Bustamante
|
0-0: Ball 1-0: Called Strike 1-1: Ground out 5-3 (Groundball, 56)
|
Batting: LHB Terry White
|
0-0: Called Strike 0-1: Ball 1-1: Ball 2-1: Ball 3-1: Swinging Strike 3-2: Foul Ball, location: 2F 3-2: Strikes out swinging
|
Top of the 8th over - 0 run(s), 0 hit(s), 0 error(s), 0 left on base; Las Vegas 4 - San Jose 3 |
BOTTOM OF THE 8TH |
San Jose Missions batting - Pitching for Las Vegas Stars : RHP Roberto Moreno
|
Pitching: RHP Mike Drader
|
|
Batting: RHB Dale Taylor
|
0-0: Ball 1-0: SINGLE (Groundball, 34D)
|
Pinch Hitting: RHB Peyton Pennington
|
0-0: Called Strike 0-1: Called Strike 0-2: Strikes out swinging
|
Batting: RHB Naomichi Aoki
|
0-0: Ball 1-0: Fly out, F7 (Flyball, 7LS)
|
Batting: RHB Ed Starr
|
0-0: Called Strike 0-1: Ball 1-1: Swinging Strike 1-2: Ball 2-2: Ball 3-2: Fly out, F6 (Line Drive, 6)
|
Bottom of the 8th over - 0 run(s), 1 hit(s), 0 error(s), 1 left on base; Las Vegas 4 - San Jose 3 |
TOP OF THE 9TH |
Las Vegas Stars batting - Pitching for San Jose Missions : RHP José Reyes
|
Pitching: RHP Paul Lewis
|
|
Now in RF: Peyton Pennington
|
|
Batting: RHB José Pinto
|
0-0: Ball 1-0: Ball 2-0: Foul Ball, location: 2F 2-1: SINGLE (Groundball, 4D)
|
Batting: RHB Pedro Mata
|
0-0: Ball 1-0: Ball 2-0: Sac Bunt - play at second, runner OUT! 1-6
|
Batting: SHB Chris Bennis
|
0-0: Ball 1-0: Called Strike 1-1: Called Strike 1-2: Strikes out looking
|
Batting: LHB Bryan Foster
|
0-0: SINGLE (Line Drive, 4D) Pedro Mata to second
|
Batting: LHB Paco Rivera
|
0-0: Ball 1-0: Ball Wild Pitch! Pedro Mata to third Bryan Foster to second 2-0: Ball 3-0: Called Strike 3-1: SINGLE (Groundball, 4MD) Pedro Mata scores Bryan Foster to third Runner from 3rd tries for Home, throw and OUT!
|
Top of the 9th over - 1 run(s), 3 hit(s), 0 error(s), 1 left on base; Las Vegas 5 - San Jose 3 |
BOTTOM OF THE 9TH |
San Jose Missions batting - Pitching for Las Vegas Stars : RHP Mike Drader
|
Pitching: RHP Jorge Oliva
|
|
Batting: RHB Irwin Duncan
|
0-0: Ball 1-0: Ball 2-0: Fly out, F9 (Flyball, 9D)
|
Batting: RHB José Sánchez
|
0-0: Swinging Strike 0-1: Fly out, F8 (Flyball, 78XD)
|
Batting: RHB Miguel Mendoza
|
0-0: Called Strike 0-1: Foul Ball, location: 2F 0-2: Ball 1-2: Strikes out swinging
|
Bottom of the 9th over - 0 run(s), 0 hit(s), 0 error(s), 0 left on base; Las Vegas 5 - San Jose 3 |
|